 Dungeon Crawl Stone Soup version 0.27.1-1-g398f81649c (webtiles) character file.

Game seed: 17655691179275466269

13174 Crownlay the Cleaver (level 12, -5/110 HPs)
             Began as a Hill Orc Fighter on Sept 18, 2021.
             Was a High Priest of Okawaru.
             Slain by a death knight (13 damage)
             ... on level 12 of the Dungeon.
             The game lasted 00:26:10 (12023 turns).

Crownlay the Cleaver (Hill Orc Fighter)            Turns: 12023, Time: 00:26:11

Health: -5/110     AC: 24    Str: 29    XL:     12   Next: 3%
Magic:  19/19      EV:  8    Int:  8    God:    Okawaru [*****.]
Gold:   511        SH:  4    Dex:  8    Spells: 11/11 levels left

rFire    . . .     SeeInvis +   i - +2 hand axe "Nasugop" {vorpal, rPois rN+ SInv}
rCold    . . .     Faith    .   u - +0 buckler
rNeg     + . .     Spirit   .   o - +8 chain mail "Sayrazes" {rPois Str+5 Dex-2}
rPois    +         Reflect  .   D - +1 helmet
rElec    .         Harm     .   (no cloak)
rCorr    .         Rampage  .   (no gloves)
Will     .....                  h - +0 pair of boots
Stlth    ..........             L - amulet of regeneration
HPRegen  1.28/turn              m - +4 ring of protection
MPRegen  0.16/turn              K - ring of see invisible

@: silenced, weak-willed, slowed, very slow
A: no striking features
a: Renounce Religion


You were on level 12 of the Dungeon.
You worshipped Okawaru.
Okawaru was extremely pleased with you.
You visited 2 branches of the dungeon, and saw 13 of its levels.
You also visited: Sewer.

You collected 709 gold pieces.
You spent 198 gold pieces at shops.

Inventory:

Hand Weapons
 a - a +0 war axe
 i - the +2 hand axe "Nasugop" (weapon) {vorpal, rPois rN+ SInv}
   (You found it on level 8 of the Dungeon)

   It inflicts extra damage upon your enemies.
   rPois:     It protects you from poison.
   rN:        It protects you from negative energy.
   SInv:      It lets you see invisible.
 S - the +4 mace "Kosa" {vorpal, Dex+8}
   (You found it on level 11 of the Dungeon)

   It inflicts extra damage upon your enemies.
   Dex:       It affects your dexterity (+8).
Missiles
 b - 4 silver javelins
 F - 14 javelins
 M - a curare-tipped dart
 R - 3 datura-tipped darts (quivered)
Armour
 c - a +0 kite shield
 h - a +0 pair of boots (worn)
 o - the +8 chain mail "Sayrazes" (worn) {rPois Str+5 Dex-2}
   (You took it off an orc warrior on level 6 of the Dungeon)

   Str:       It affects your strength (+5).
   Dex:       It affects your dexterity (-2).
   rPois:     It protects you from poison.
 u - a +0 buckler (worn)
 D - a +1 helmet (worn)
Jewellery
 e - a ring of flight
 g - a ring of protection from fire
 m - a +4 ring of protection (left hand)
 E - a ring of protection from cold
 H - a ring of poison resistance
 K - a ring of see invisible (right hand)
 L - an amulet of regeneration (around neck)
 V - a +6 ring of dexterity
Wands
 t - a wand of charming (15)
 O - a wand of flame (19)
Scrolls
 k - 3 scrolls of immolation
 l - 4 scrolls of noise
 n - a scroll of torment
 p - 7 scrolls of teleportation
 q - a scroll of brand weapon
 r - 4 scrolls of fear
 s - 2 scrolls of amnesia
 w - a scroll of blinking {unknown}
 x - a scroll of enchant armour
 y - 3 scrolls of magic mapping
 z - a scroll of summoning
 C - 2 scrolls of enchant weapon
 G - 2 scrolls of holy word
 I - 2 scrolls of fog
 Q - a scroll of vulnerability {unknown}
 U - a scroll of acquirement {unknown}
Potions
 d - 4 potions of might
 f - 5 potions of heal wounds
 j - 3 potions of curing
 A - a potion of magic {unknown}
 B - a potion of degeneration {unknown}
 J - a potion of invisibility {unknown}
 N - 2 potions of attraction {unknown}
 P - a potion of brilliance {unknown}
 T - a potion of flight {unknown}


   Skills:
 * Level 11.6 Fighting
 - Level 14.0 Axes
 - Level 8.0 Throwing
 - Level 3.2 Armour
 + Level 5.7 Shields
 - Level 10.0 Invocations


You had 11 spell levels left.
You didn't know any spells.
Your spell library contained the following spells:

 Spells                   Type           Power      Damage    Failure   Level
 Ensorcelled Hibernation  Hex/Ice        0%         N/A       98%         2
 Spider Form              Tmut/Pois      0%         N/A       100%        3
 Shadow Creatures         Summ           N/A        N/A       100%        6


Dungeon Overview and Level Annotations

Branches:
Dungeon (12/15)            Temple (1/1) D:6            Lair (0/6) D:10
    Orc (0/2) D:9           Sewer (visited)

Altars:
Ashenzari
Cheibriados
Dithmenos
Elyvilon
Fedhas
Gozag
Hepliaklqana
Kikubaaqudgha
Makhleb
Nemelex Xobeh
Okawaru
Qazlal
Ru
Sif Muna
Trog
Uskayaw
Vehumet
Wu Jian
Xom
Yredelemnul
Zin
The Shining One

Shops:
D:4 !=?   D:5 (   D:6 *   D:11 [

Annotations:
D:7 2 transporters, Steelgonads's ghost, novice HuFi


Message History

The death knight hits you with a +2 battleaxe!!
You feel much better.
The death knight hits you with a +2 battleaxe!!
The freezing wraith hits you! The freezing wraith freezes you!!
* * * LOW HITPOINT WARNING * * *
You block the freezing wraith's attack. x2
The freezing wraith hits you but does no damage.
As you read the scroll labelled YFAEDUISTO, it crumbles to dust.
It is a scroll of enchant armour.
Your +0 helmet glows green for a moment.
The death knight hits you with a +2 battleaxe!
* * * LOW HITPOINT WARNING * * *
The phantasmal warrior hits you!
* * * LOW HITPOINT WARNING * * *
Your willpower is stripped away!
The freezing wraith hits you but does no damage. x2
The freezing wraith barely misses you. The freezing wraith closely misses you.
You block the death knight's attack. The phantasmal warrior hits you!
* * * LOW HITPOINT WARNING * * *
You block the freezing wraith's attack.
The freezing wraith hits you but does no damage. x2
The freezing wraith completely misses you.
You feel much better.
The death knight hits you but does no damage.
The freezing wraith hits you but does no damage.
You block the freezing wraith's attack.
You block the phantasmal warrior's attack.
The freezing wraith hits you.
* * * LOW HITPOINT WARNING * * *
The freezing wraith freezes you!
* * * LOW HITPOINT WARNING * * *
The freezing wraith hits you but does no damage. x2
The freezing wraith hits you.
* * * LOW HITPOINT WARNING * * *
The freezing wraith drains your vigour!
You feel as though you will be slow longer.
As you read the scroll labelled QUSMAMN ZOKIMP, it crumbles to dust.
A profound silence engulfs you.
It was a scroll of silence.
The death knight hits you with a +2 battleaxe!
You die...

.# #..............
.#
#.................#
.#
#.................#
.#
#.................#
.
#........)........#
#.................#
#.................#
#..........pW.....#
#.........W@W.....#
#...........W..>..#
#.................#
#.................#
#.................#
#.................#
#.................#
#.................#
#.................


You could see a death knight, a phantasmal warrior and 3 freezing wraiths.

Vanquished Creatures
  A boulder beetle (D:6)
  4 two-headed ogres
  A cyclops (D:11)
  An unseen horror (D:11)
  4 yaktaurs (D:12)
  A kobold demonologist (D:9)
  A troll (D:9)
  A hornet (D:8)
  A meliai zombie (D:5)
  A shadow (D:11)
  4 yaks (D:10)
  A wyvern (D:9)
  2 wraiths
  A steam dragon (D:8)
  4 vampire mosquitoes (D:11)
  2 acid dragons
  A water moccasin (D:7)
  4 orc warriors
  2 sky beasts
  2 black bears
  5 ice beasts
  2 ogres (D:6)
  4 centaurs
  13 killer bees
  A necrophage (D:5)
  A phantom (D:5)
  3 kobold brigands
  3 bullfrogs
  2 gnoll sergeants
  A water moccasin zombie (D:6)
  5 scorpions
  A wyvern skeleton (D:6)
  A water moccasin skeleton (D:6)
  5 wights (D:7)
  7 howler monkeys
  5 hounds
  2 bullfrog zombies
  2 centaur zombies
  A bullfrog skeleton (D:5)
  A jelly (D:7)
  An orc priest (D:6)
  2 centaur skeletons (D:6)
  11 orc wizards
  2 iguanas
  A scorpion zombie (D:4)
  A killer bee zombie (D:5)
  A hound zombie (D:4)
  A hound skeleton (D:5)
  A howler monkey zombie (D:5)
  7 gnolls
  A howler monkey skeleton (D:6)
  2 river rats (Sewer)
  8 adders
  2 shadow imps
  4 worms
  2 dart slugs (D:3)
  34 orcs
  16 ball pythons
  7 endoplasms
  3 giant cockroaches
  13 goblins
  7 hobgoblins
  2 jackals (D:2)
  2 quokkas
  7 bats
  7 frilled lizards
  28 kobolds
  11 rats
288 creatures vanquished.

Vanquished Creatures (others)
  A centaur (D:9)
  A killer bee (D:7)
  5 plants (D:7)
  2 withered plants (D:1)
9 creatures vanquished.

Grand Total: 297 creatures vanquished

Notes
Turn   | Place    | Note
-------+----------+-------------------------------------------
     0 | D:1      | Crownlay the Hill Orc Fighter began the quest for the Orb.
     0 | D:1      | Reached XP level 1. HP: 19/19 MP: 1/1
    26 | D:1      | Reached skill level 3 in Axes
   201 | D:1      | Reached XP level 2. HP: 11/26 MP: 2/2
   416 | D:1      | Found a faded altar of an unknown god.
   580 | D:1      | Reached skill level 4 in Axes
  1258 | D:1      | Found a burning altar of Makhleb.
  1344 | D:2      | Reached XP level 3. HP: 30/31 MP: 3/3
  1641 | D:2      | Reached skill level 5 in Axes
  1975 | D:3      | Found a burning altar of Makhleb.
  2186 | D:3      | Reached XP level 4. HP: 31/39 MP: 4/4
  2803 | D:4      | Found Ros Eczikk's Magic Scroll Shoppe.
  2806 | D:4      | Bought a scroll of immolation for 42 gold pieces
  2806 | D:4      | Bought a scroll of identify for 24 gold pieces
  2856 | D:4      | Found a glowing drain.
  2857 | D:4      | Found Pamoquuv's Jewellery Emporium.
  2880 | D:4      | Reached skill level 6 in Axes
  2880 | D:4      | Reached XP level 5. HP: 45/45 MP: 5/5
  2904 | Sewer    | Entered a sewer
  3432 | D:4      | Found a bloodstained altar of Trog.
  3453 | D:4      | Reached skill level 7 in Axes
  3548 | D:4      | Reached XP level 6. HP: 47/51 MP: 6/6
  3731 | D:4      | Found Bavver's Distillery.
  3735 | D:4      | Noticed a black bear
  3744 | D:4      | Killed a black bear
  3745 | D:4      | Reached skill level 8 in Axes
  3896 | D:4      | Found a basalt altar of Yredelemnul.
  3963 | D:4      | Reached skill level 9 in Axes
  4216 | D:4      | Bought a scroll of enchant weapon for 90 gold pieces
  4216 | D:4      | Bought a scroll of amnesia for 42 gold pieces
  4219 | D:5      | Entered Level 5 of the Dungeon
  4240 | D:5      | Reached XP level 7. HP: 53/57 MP: 7/7
  4322 | D:5      | Reached skill level 10 in Axes
  4617 | D:5      | Reached skill level 11 in Axes
  4631 | D:5      | Found an ornate altar of the Wu Jian Council.
  4642 | D:5      | Reached XP level 8. HP: 50/64 MP: 8/8
  4965 | D:5      | Reached skill level 12 in Axes
  5120 | D:5      | Found Mirchya's Weapon Shop.
  5816 | D:6      | Reached skill level 13 in Axes
  5821 | D:6      | Found Fubuc's Assorted Antiques.
  5920 | D:6      | Reached XP level 9. HP: 67/70 MP: 9/9
  5920 | D:6      | Found a hide-covered altar of Uskayaw.
  5984 | D:6      | Reached skill level 14 in Axes
  6033 | D:6      | Identified the +8 chain mail "Sayrazes" {rPois Str+5 Dex-2}
  6037 | D:6      | Noticed a boulder beetle
  6054 | D:6      | Reached skill level 5 in Fighting
  6343 | D:6      | Found a blossoming altar of Fedhas.
  6548 | D:6      | Found a staircase to the Ecumenical Temple.
  6554 | Temple   | Entered the Ecumenical Temple
  7434 | D:7      | Found an iron altar of Okawaru.
  7450 | D:7      | Became a worshipper of Warmaster Okawaru
  7492 | D:7      | Reached skill level 10 in Fighting
  7492 | D:7      | Reached skill level 1 in Invocations
  7492 | D:7      | Reached XP level 10. HP: 64/93 MP: 10/10
  7654 | D:7      | Found a glowing golden altar of the Shining One.
  7669 | D:7      | Noticed Steelgonads's ghost (novice HuFi)
  7670 | D:7      | Identified the +3 great mace "Sotior" {elec, rN+}
  7671 | D:7      | Found a transporter.
  7693 | D:7      | Reached skill level 1 in Throwing
  7701 | D:7      | Found a transporter.
  7896 | D:7      | Found a white marble altar of Elyvilon.
  8280 | D:8      | Reached skill level 5 in Invocations
  8467 | D:8      | Reached * piety under Okawaru
  8772 | D:8      | Found a broken altar of Ashenzari.
  8828 | D:8      | Identified the +2 hand axe "Nasugop" {vorpal, rPois rN+
                  | SInv}
  8834 | D:8      | Identified the +0 robe "Tapty" {rCorr Archmagi}
  9220 | D:9      | Found a staircase to the Orcish Mines.
  9235 | D:9      | Found an opulent altar of Gozag.
  9389 | D:9      | Noticed a kobold demonologist
  9397 | D:9      | Killed a kobold demonologist
  9508 | D:9      | Found a radiant altar of Vehumet.
  9548 | D:9      | Reached ** piety under Okawaru
  9855 | D:10     | Entered Level 10 of the Dungeon
 10043 | D:10     | Noticed a two-headed ogre
 10057 | D:10     | Killed a two-headed ogre
 10057 | D:10     | Reached *** piety under Okawaru
 10058 | D:10     | Reached skill level 5 in Throwing
 10058 | D:10     | Reached skill level 10 in Invocations
 10058 | D:10     | Reached XP level 11. HP: 99/99 MP: 18/18
 10113 | D:10     | Found a staircase to the Lair.
 10260 | D:10     | Found a shadowy altar of Dithmenos.
 10509 | D:11     | Noticed a two-headed ogre
 10527 | D:11     | Killed a two-headed ogre
 10559 | D:11     | Noticed a cyclops
 10569 | D:11     | Killed a cyclops
 10689 | D:11     | Noticed a two-headed ogre
 10698 | D:11     | Killed a two-headed ogre
 10698 | D:11     | Reached **** piety under Okawaru
 10729 | D:11     | Received a gift from Okawaru
 10859 | D:11     | Noticed a two-headed ogre
 10868 | D:11     | Killed a two-headed ogre
 10878 | D:11     | Found Worphix's Antique Armour Shoppe.
 10981 | D:6      | Killed a boulder beetle
 10981 | D:6      | Reached ***** piety under Okawaru
 11297 | D:11     | Reached skill level 5 in Shields
 11432 | D:11     | Identified the +4 mace "Kosa" {vorpal, Dex+8}
 11730 | D:12     | Reached XP level 12. HP: 78/110 MP: 19/19
 12012 | D:12     | Noticed a death knight
 12021 | D:12     | HP: 1/110 [phantasmal warrior[a death knight] (12)]
 12023 | D:12     | Slain by a death knight

Illustrated notes

Levels and vault maps discovered:
D:1:      wander_arrival_chamber, layout_basic,
          shapermc_ecumenical_altar_flowoftime, kennysheep_flooded_box
D:2:      layout_basic, minmay_misc_feat_five, minmay_tetromino_t2
D:3:      layout_basic, bloody_makhleb
D:4:      minmay_general_purpose_star, layout_basic, trog_hazing_becter,
          lemuel_zombie_altar_yredelemnul, cheibrodos_sewer_entry_sluice,
          serial_shops, nicolae_shop_behind_doors, nicolae_stop_n_shop_2,
          shop_coins, minmay_cupped
D:5:      layout_loops_corners, nicolae_wu_jian_wuxing_cycle,
          nicolae_take_the_stairs
D:6:      layout_loops_ring, mainiacjoe_overflow_boulevard, fedhas_altar_4,
          minmay_temple_entry_enclosed_plants, serial_shops,
          nicolae_shop_waterfront, grunt_potential
D:7:      layout_gridville, nicolae_overflow_crystal_walls,
          overflow_temple_1_default, tso_oasis_becter, gammafunk_ghost_smash
D:8:      layout_basic, cheibrodos_ashenzari_chains
D:9:      layout_basic, vehumet_crystals, grunt_gozag_breadcrumbs,
          hangedman_glass_teeth
D:10:     layout_gridville, lemuel_coloured_pillars_altar, lair_entry_dummy
D:11:     layout_loops_ring, serial_shops, shop, chequers_serial_rivers_large_b
D:12:     layout_long_grid
Temple:   kb_temple_of_zot

Skill      XL: |  1  2  3  4  5  6  7  8  9 10 11 |
---------------+----------------------------------+-----
Axes           | 3 4 5 6 7 9 11 13 14 | 14.0
Shields        | 4 5 |  5.7
Fighting       | 10 11 | 11.6
Invocations    | 1 10 | 10.0
Throwing       | 5 8 |  8.0
Armour         | |  3.2

Action                   |  1- 3 |  4- 6 |  7- 9 | 10-12 || total
-------------------------+-------+-------+-------+-------++-------
Melee: War axe           |   150 |   198 |   309 |    87 ||   744
       Hand axe          |       |       |       |   332 ||   332
Throw: Javelin           |       |       |    12 |     3 ||    15
       Dart              |       |       |     3 |    22 ||    25
       Throwing net      |       |       |     1 |       ||     1
  Use: Scroll            |       |     6 |     2 |     5 ||    13
       Potion            |       |       |       |     2 ||     2
Armor: Scale mail        |   102 |   113 |   113 |       ||   328
       Chain mail        |       |       |    72 |   239 ||   311
Dodge: Dodged            |    90 |    79 |   127 |   110 ||   406
Block: Buckler           |       |    41 |    55 |    72 ||   168
